| TOP OF THE 1ST |
|
Arkansas Travelers batting - Pitching for Corpus Christi Hooks : RHP James Browning
|
|
Pitching: RHP James Browning
|
|
|
Batting: RHB Ricky Mejicanos
|
0-0: Ball 1-0: Ball 2-0: Foul Ball, location: 2F 2-1: Foul Ball, location: 2F 2-2: Foul Ball, location: 2F 2-2: Ball 3-2: Base on Balls
|
|
Batting: RHB Nick Lombardo
|
0-0: Ball 1-0: Called Strike Ricky Mejicanos is caught stealing 2nd base 2-4 1-1: Foul Ball, location: 2F 1-2: Foul Ball, location: 2F 1-2: Foul Ball, location: 2F 1-2: Strikes out swinging
|
|
Batting: RHB Kyler Seitz
|
0-0: Ball 1-0: Ball 2-0: Ball 3-0: Called Strike 3-1: Called Strike 3-2: Ground out 6-3 (Groundball, 6, EV 100.0 MPH)
|
| Top of the 1st over - 0 runs, 0 hits, 0 errors, 0 left on base; Arkansas 0 - Corpus Christi 0 |
| BOTTOM OF THE 1ST |
|
Corpus Christi Hooks batting - Pitching for Arkansas Travelers : RHP Juan Hernandez
|
|
Pitching: RHP Juan Hernandez
|
|
|
Batting: LHB Glenn Lowther
|
0-0: Ball 1-0: Ball 2-0: Called Strike 2-1: Ball 3-1: Base on Balls
|
|
Batting: RHB Xavier Castaneda
|
0-0: Called Strike Glenn Lowther is caught stealing 2nd base 2-4 0-1: Foul Ball, location: 2F 0-2: Ground out 5-3 (Groundball, 5L, EV 80.0 MPH)
|
|
Batting: LHB Bob Dietz
|
0-0: Called Strike 0-1: Ball 1-1: Fly out, F8 (Flyball, 8LM, EV 93.1 MPH)
|
| Bottom of the 1st over - 0 runs, 0 hits, 0 errors, 0 left on base; Arkansas 0 - Corpus Christi 0 |
| TOP OF THE 2ND |
|
Arkansas Travelers batting - Pitching for Corpus Christi Hooks : RHP James Browning
|
|
Batting: LHB Mutsuo IIda
|
0-0: Ball 1-0: Ball 2-0: Foul Ball, location: 2F 2-1: Ball 3-1: Swinging Strike 3-2: Foul Ball, location: 2F 3-2: Base on Balls
|
|
Batting: RHB Kinya Nishimura
|
0-0: Ball 1-0: Ball 2-0: Swinging Strike 2-1: SINGLE (Line Drive, 9LM, EV 93.8 MPH) Mutsuo IIda to second Runner from 2nd tries for 3rd, SAFE, throw by RF made to third
|
|
Batting: RHB T.J. Gray
|
0-0: Ball 1-0: Foul Ball, location: 2F 1-1: SINGLE (Flyball, 34D, EV 89.4 MPH) Mutsuo IIda scores Kinya Nishimura to second
|
|
Batting: RHB Khalil Thurston
|
0-0: Ball 1-0: Ball 2-0: Called Strike 2-1: Fly out, F7 (Line Drive, 7S, EV 105.0 MPH)
|
|
Batting: RHB Ryan Pelletier
|
0-0: Ball 1-0: Grounds into double play, 5-4-3 (Groundball, 56S, EV 85.0 MPH)
|
| Top of the 2nd over - 1 run, 2 hits, 0 errors, 1 left on base; Arkansas 1 - Corpus Christi 0 |
| BOTTOM OF THE 2ND |
|
Corpus Christi Hooks batting - Pitching for Arkansas Travelers : RHP Juan Hernandez
|
|
Batting: RHB Duncan Collins
|
0-0: Ball 1-0: Ball 2-0: Ball 3-0: Called Strike 3-1: Base on Balls
|
|
Batting: RHB Pat McCoy
|
0-0: Ball 1-0: Grounds into double play, 4-6-3 (Groundball, 4, EV 87.5 MPH)
|
|
Batting: RHB Alex Campos
|
0-0: Ground out 5-3 (Groundball, 56, EV 85.0 MPH)
|
| Bottom of the 2nd over - 0 runs, 0 hits, 0 errors, 0 left on base; Arkansas 1 - Corpus Christi 0 |
| TOP OF THE 3RD |
|
Arkansas Travelers batting - Pitching for Corpus Christi Hooks : RHP James Browning
|
|
Batting: SHB Tim Connell
|
0-0: Ball 1-0: Ball 2-0: Called Strike 2-1: Fly out, F7 (Flyball, 7D, EV 92.5 MPH)
|
|
Batting: RHB Ricky Mejicanos
|
0-0: DOUBLE (Line Drive, 78XD, EV 112.5 MPH)
|
|
Batting: RHB Nick Lombardo
|
0-0: Swinging Strike 0-1: Called Strike 0-2: Ball 1-2: Foul Ball, location: 2F 1-2: Ball 2-2: Fly out, F1 (Line Drive, P, EV 70.6 MPH)
|
|
Batting: RHB Kyler Seitz
|
0-0: Foul Ball, location: 2F 0-1: Ball 1-1: Fly out, F7 (Flyball, 7S, EV 93.1 MPH)
|
| Top of the 3rd over - 0 runs, 1 hit, 0 errors, 1 left on base; Arkansas 1 - Corpus Christi 0 |
| BOTTOM OF THE 3RD |
|
Corpus Christi Hooks batting - Pitching for Arkansas Travelers : RHP Juan Hernandez
|
|
Batting: LHB Jackson Trottier
|
0-0: Ground out 5-3 (Groundball, 56S, EV 60.6 MPH)
|
|
Batting: RHB Kieron Clark
|
0-0: Foul Ball, location: 2F 0-1: Called Strike 0-2: Fly out, F7 (Flyball, 7S, EV 91.9 MPH)
|
|
Batting: RHB Jason Monico
|
0-0: Swinging Strike 0-1: Ground out 6-3 (Groundball, 6M, EV 84.4 MPH)
|
| Bottom of the 3rd over - 0 runs, 0 hits, 0 errors, 0 left on base; Arkansas 1 - Corpus Christi 0 |
| TOP OF THE 4TH |
|
Arkansas Travelers batting - Pitching for Corpus Christi Hooks : RHP James Browning
|
|
Batting: LHB Mutsuo IIda
|
0-0: Ball 1-0: Fly out, F9 (Flyball, 9LD, EV 90.0 MPH)
|
|
Batting: RHB Kinya Nishimura
|
0-0: Ground out 5-3 (Groundball, 56S, EV 73.8 MPH)
|
|
Batting: RHB T.J. Gray
|
0-0: Foul Ball, location: 2F 0-1: Fly out, F9 (Flyball, 9S, EV 88.1 MPH)
|
| Top of the 4th over - 0 runs, 0 hits, 0 errors, 0 left on base; Arkansas 1 - Corpus Christi 0 |
| BOTTOM OF THE 4TH |
|
Corpus Christi Hooks batting - Pitching for Arkansas Travelers : RHP Juan Hernandez
|
|
Batting: LHB Glenn Lowther
|
0-0: Ball 1-0: Called Strike 1-1: Foul Ball, location: 2F 1-2: SINGLE (Groundball, P, EV 81.9 MPH) (infield hit)
|
|
Batting: RHB Xavier Castaneda
|
0-0: Ball Glenn Lowther steals 2nd, throwing error, E2 Glenn Lowther to third 1-0: Ball 2-0: Fly out, F8 (Flyball, 8RD, EV 97.5 MPH)
|
|
Batting: LHB Bob Dietz
|
0-0: Ball 1-0: Ball 2-0: Ball 3-0: Base on Balls
|
|
Batting: RHB Duncan Collins
|
0-0: Swinging Strike 0-1: Ball Wild Pitch! Glenn Lowther scores Bob Dietz to second 1-1: Foul Ball, location: 2F 1-2: Strikes out looking
|
|
Batting: RHB Pat McCoy
|
0-0: Ball 1-0: Fly out, F1 (Line Drive, P, EV 70.6 MPH)
|
| Bottom of the 4th over - 1 run, 1 hit, 1 error, 1 left on base; Arkansas 1 - Corpus Christi 1 |
| TOP OF THE 5TH |
|
Arkansas Travelers batting - Pitching for Corpus Christi Hooks : RHP James Browning
|
|
Batting: RHB Khalil Thurston
|
0-0: Called Strike 0-1: Called Strike 0-2: Foul Ball, location: 2F 0-2: Ground out 5-3 (Groundball, 56, EV 86.2 MPH)
|
|
Batting: RHB Ryan Pelletier
|
0-0: Ground out 6-3 (Groundball, 6, EV 83.1 MPH)
|
|
Batting: SHB Tim Connell
|
0-0: Called Strike 0-1: Foul Ball, location: 2F 0-2: Ball 1-2: Ground out 4-3 (Groundball, 4, EV 84.4 MPH)
|
| Top of the 5th over - 0 runs, 0 hits, 0 errors, 0 left on base; Arkansas 1 - Corpus Christi 1 |
| BOTTOM OF THE 5TH |
|
Corpus Christi Hooks batting - Pitching for Arkansas Travelers : RHP Juan Hernandez
|
|
Batting: RHB Alex Campos
|
0-0: Ball 1-0: Called Strike 1-1: SINGLE (Groundball, 4D, EV 102.5 MPH)
|
|
Batting: LHB Jackson Trottier
|
0-0: Ball 1-0: SINGLE (Groundball, 56S, EV 73.8 MPH) (infield hit) Alex Campos to second
|
|
Batting: RHB Kieron Clark
|
0-0: Ball 1-0: Called Strike 1-1: Ball 2-1: Called Strike 2-2: Strikes out swinging
|
|
Batting: RHB Jason Monico
|
0-0: Fielders Choice at 2nd, 6-4 (Groundball, 6, EV 98.8 MPH) Alex Campos to third
|
|
Batting: LHB Glenn Lowther
|
0-0: Called Strike 0-1: Ball Jason Monico is caught stealing 2nd base 2-6
|
| Bottom of the 5th over - 0 runs, 2 hits, 0 errors, 1 left on base; Arkansas 1 - Corpus Christi 1 |
| TOP OF THE 6TH |
|
Arkansas Travelers batting - Pitching for Corpus Christi Hooks : RHP James Browning
|
|
Batting: RHB Ricky Mejicanos
|
0-0: Ball 1-0: Foul Ball, location: 2F 1-1: Ball 2-1: Ball 3-1: Base on Balls
|
|
Batting: RHB Nick Lombardo
|
0-0: Called Strike 0-1: Grounds into double play, 5-4-3 (Groundball, 5, EV 103.8 MPH)
|
|
Batting: RHB Kyler Seitz
|
0-0: Ball 1-0: Foul Ball, location: 2F 1-1: SOLO HOME RUN (Line Drive, 7D, EV 100.0 MPH), Distance : 369 ft
|
|
Batting: LHB Mutsuo IIda
|
0-0: Called Strike 0-1: Ball 1-1: Called Strike 1-2: Ground out 4-3 (Groundball, 4M, EV 86.9 MPH)
|
| Top of the 6th over - 1 run, 1 hit, 0 errors, 0 left on base; Arkansas 2 - Corpus Christi 1 |
| BOTTOM OF THE 6TH |
|
Corpus Christi Hooks batting - Pitching for Arkansas Travelers : RHP Juan Hernandez
|
|
Batting: LHB Glenn Lowther
|
0-0: Called Strike 0-1: Ball 1-1: Ball 2-1: Swinging Strike 2-2: Fly out, F7 (Line Drive, 7S, EV 84.4 MPH)
|
|
Batting: RHB Xavier Castaneda
|
0-0: Called Strike 0-1: Foul Ball, location: 2F 0-2: Fly out, F9 (Flyball, 9, EV 96.2 MPH)
|
|
Batting: LHB Bob Dietz
|
0-0: Ball 1-0: Ball 2-0: Called Strike 2-1: Swinging Strike 2-2: Ball 3-2: Ground out 5-3 (Groundball, 56, EV 86.9 MPH)
|
| Bottom of the 6th over - 0 runs, 0 hits, 0 errors, 0 left on base; Arkansas 2 - Corpus Christi 1 |
| TOP OF THE 7TH |
|
Arkansas Travelers batting - Pitching for Corpus Christi Hooks : RHP James Browning
|
|
Batting: RHB Kinya Nishimura
|
0-0: Called Strike 0-1: Foul Ball, location: 2F 0-2: Foul Ball, location: 2F 0-2: Ball 1-2: Foul Ball, location: 2F 1-2: Ball 2-2: SINGLE (Line Drive, 7S, EV 99.4 MPH)
|
|
Pitching: RHP Zack Evans
|
|
|
Batting: RHB T.J. Gray
|
0-0: Ball 1-0: Called Strike 1-1: Foul Ball, location: 2F 1-2: Ball 2-2: Strikes out swinging
|
|
Batting: LHB Dave Hicks
|
0-0: Ball 1-0: Swinging Strike 1-1: Foul Ball, location: 2F 1-2: Ball 2-2: TRIPLE (Flyball, 89XD, EV 100.6 MPH) Kinya Nishimura scores
|
|
Batting: RHB Ryan Pelletier
|
0-0: Ball 1-0: Called Strike 1-1: Called Strike 1-2: Foul Ball, location: 2F 1-2: Strikes out looking
|
|
Batting: SHB Tim Connell
|
0-0: Called Strike 0-1: Swinging Strike 0-2: Ball 1-2: Strikes out swinging
|
| Top of the 7th over - 1 run, 2 hits, 0 errors, 1 left on base; Arkansas 3 - Corpus Christi 1 |
| BOTTOM OF THE 7TH |
|
Corpus Christi Hooks batting - Pitching for Arkansas Travelers : RHP Juan Hernandez
|
|
Batting: RHB Duncan Collins
|
0-0: Ground out 6-3 (Groundball, 56, EV 103.1 MPH)
|
|
Batting: RHB Pat McCoy
|
0-0: Fly out, F8 (Flyball, 78M, EV 96.2 MPH)
|
|
Batting: RHB Alex Campos
|
0-0: Called Strike 0-1: Foul Ball, location: 2F 0-2: Ground out 4-3 (Groundball, 4, EV 92.5 MPH)
|
| Bottom of the 7th over - 0 runs, 0 hits, 0 errors, 0 left on base; Arkansas 3 - Corpus Christi 1 |
| TOP OF THE 8TH |
|
Arkansas Travelers batting - Pitching for Corpus Christi Hooks : RHP Zack Evans
|
|
Batting: RHB Ricky Mejicanos
|
0-0: Foul Ball, location: 2F 0-1: Ball 1-1: Swinging Strike 1-2: Foul Ball, location: 2F 1-2: Ground out 4-3 (Groundball, 4, EV 85.6 MPH)
|
|
Batting: RHB Nick Lombardo
|
0-0: Foul Ball, location: 2F 0-1: Ball 1-1: Ball 2-1: Called Strike 2-2: Foul Ball, location: 2F 2-2: Ball 3-2: Base on Balls
|
|
Pitching: LHP Mike Holloway
|
|
|
Batting: RHB Kyler Seitz
|
0-0: Called Strike 0-1: Foul Ball, location: 2F 0-2: Ball 1-2: Strikes out swinging
|
|
Batting: LHB Mutsuo IIda
|
0-0: Ball 1-0: Foul Ball, location: 2F 1-1: Ball 2-1: Fielders Choice at 2nd, 6-4 (Groundball, 6, EV 110.0 MPH)
|
| Top of the 8th over - 0 runs, 0 hits, 0 errors, 1 left on base; Arkansas 3 - Corpus Christi 1 |
| BOTTOM OF THE 8TH |
|
Corpus Christi Hooks batting - Pitching for Arkansas Travelers : RHP Juan Hernandez
|
|
Batting: LHB Jackson Trottier
|
0-0: Ball 1-0: Ball 2-0: Ground out 3-1 (Groundball, 34, EV 81.9 MPH)
|
|
Batting: RHB Kieron Clark
|
0-0: Ball 1-0: Ground out 5-3 (Groundball, 56, EV 81.9 MPH)
|
|
Batting: RHB Jason Monico
|
0-0: Ball 1-0: Ground out 5-3 (Groundball, 56S, EV 78.8 MPH)
|
| Bottom of the 8th over - 0 runs, 0 hits, 0 errors, 0 left on base; Arkansas 3 - Corpus Christi 1 |
| TOP OF THE 9TH |
|
Arkansas Travelers batting - Pitching for Corpus Christi Hooks : LHP Mike Holloway
|
|
Batting: RHB Kinya Nishimura
|
0-0: Ball 1-0: Ball 2-0: Fly out, F9 (Line Drive, 89D, EV 95.0 MPH)
|
|
Batting: RHB T.J. Gray
|
0-0: Ball 1-0: Foul Ball, location: 2F 1-1: Foul Ball, location: 2F 1-2: Foul Ball, location: 2F 1-2: Strikes out looking
|
|
Batting: LHB Dave Hicks
|
0-0: Ball 1-0: Ball 2-0: Ground out 6-3 (Groundball, 56, EV 103.8 MPH)
|
| Top of the 9th over - 0 runs, 0 hits, 0 errors, 0 left on base; Arkansas 3 - Corpus Christi 1 |
| BOTTOM OF THE 9TH |
|
Corpus Christi Hooks batting - Pitching for Arkansas Travelers : RHP Juan Hernandez
|
|
Pitching: LHP Ismael Diaz
|
|
|
Batting: LHB Glenn Lowther
|
0-0: Swinging Strike 0-1: Ball 1-1: Ball 2-1: Ball 3-1: Called Strike 3-2: Foul Ball, location: 2F 3-2: DOUBLE (Flyball, 78XD, EV 100.0 MPH)
|
|
Batting: RHB Xavier Castaneda
|
0-0: Ball 1-0: Foul Ball, location: 2F 1-1: Called Strike 1-2: Fly out, F6 (Popup, 6, EV 76.9 MPH)
|
|
Batting: LHB Bob Dietz
|
0-0: Called Strike 0-1: Ball 1-1: Foul Ball, location: 2F 1-2: Ball 2-2: Ball 3-2: Fly out, F3 (Line Drive, 3, EV 73.1 MPH)
|
|
Batting: RHB Duncan Collins
|
0-0: Called Strike 0-1: Swinging Strike 0-2: Ball 1-2: Ball 2-2: Ball 3-2: Foul Ball, location: 2F 3-2: Strikes out looking
|
| Bottom of the 9th over - 0 runs, 1 hit, 0 errors, 1 left on base; Arkansas 3 - Corpus Christi 1 |
|